 Dungeon Crawl Stone Soup version 0.21.1-1-g345015f (webtiles) character file.

5840 Kuinu the Cleaver (level 10, -6/136 HPs)
             Began as a Minotaur Fighter on July 18, 2018.
             Was a Priest of the Shining One.
             Mangled by Snorg (12 damage)
             ... on level 10 of the Dungeon.
             The game lasted 00:49:30 (8795 turns).

Kuinu the Cleaver (Minotaur Fighter)                Turns: 8795, Time: 00:49:31

Health: -6/136     AC: 25    Str: 24    XL:     10   Next: 51%
Magic:  7/9        EV:  2    Int:  5    God:    the Shining One [***...]
Gold:   590        SH: 18    Dex: 10    Spells: 9/9 levels left

rFire    . . .     SeeInvis .   X - +1 broad axe
rCold    . . .     Gourm    .   c - +0 shield
rNeg     + + +     Faith    .   (armour currently unavailable)
rPois    +         Spirit   .   (helmet currently unavailable)
rElec    .         Reflect  .   (cloak currently unavailable)
rCorr    .         Harm     .   (gloves currently unavailable)
MR       .....     NoTele   +   (boots currently unavailable)
Stlth    +.........             (no amulet)
HPRegen  0.32/turn              d - ring of positive energy
MPRegen  0.11/turn              R - +1 ring of evasion (curse)

@: divine shield, tree-form, very slightly contaminated, glowing
A: (retaliatory headbutt)
a: Divine Shield, Renounce Religion


You were on level 10 of the Dungeon.
You worshipped the Shining One.
The Shining One was most pleased with you.
You were not hungry.
You were a tree.
You visited 1 branch of the dungeon, and saw 10 of its levels.
You also visited: Sewer.

You collected 733 gold pieces.
You spent 143 gold pieces at shops.

Inventory:

Hand Weapons
 a - a +1 war axe
 k - a +0 whip of electrocution
 p - a cursed -2 mace
 I - a +0 battleaxe of freezing
 N - a +2 battleaxe
 S - a +1 war axe of chopping
 X - a +1 broad axe (weapon)
Armour
 b - a +0 scale mail
 c - a +0 shield (worn)
 e - a +0 helmet
 m - a +0 plate armour (melded)
 s - a +0 cloak (melded)
 K - a +0 chain mail
 Q - a +0 pair of boots (melded)
 W - a +1 pair of gloves (melded)
Magical Staves
 O - an uncursed staff of cold {unknown}
Jewellery
 d - a ring of positive energy (left branch)
 l - an uncursed ring of flight
 q - an uncursed ring of protection from cold
 R - a cursed +1 ring of evasion (right branch)
 T - an uncursed ring of flight
 U - an uncursed ring of ice
Wands
 o - a wand of flame (19)
 t - a wand of polymorph (20)
Scrolls
 g - 9 scrolls of remove curse
 h - a scroll of identify
 j - a scroll of amnesia
 n - 4 scrolls of immolation
 r - 4 scrolls of teleportation
 u - a scroll of vulnerability
 v - a scroll of magic mapping
 y - a scroll of fog {unknown}
 E - a scroll of fear {unknown}
 L - a scroll of random uselessness {unknown}
 P - a scroll of enchant weapon
Potions
 w - 3 potions of curing
 x - a potion of lignification
 z - 2 potions of flight
 A - a potion of haste {unknown}
 B - 3 potions of heal wounds {unknown}
 C - a potion of magic {unknown}
 G - 2 potions of brilliance
 J - 4 potions of agility
 M - a potion of might
 Z - a potion of resistance
Books
 F - a book of Callings

   Spells                             Type                      Level
   a - Summon Small Mammal            Summoning                    1
   b - Call Imp                       Summoning                    2
   c - Call Canine Familiar           Summoning                    3
   d - Summon Guardian Golem          Hexes/Summoning              3
   e - Summon Lightning Spire         Summoning/Air                4
   f - Summon Ice Beast               Ice/Summoning                4
Comestibles
 f - 13 rations


   Skills:
 + Level 9.3 Fighting
 * Level 12.0 Axes
 + Level 9.2 Armour
 + Level 9.2 Shields


You had 9 spell levels left.
You didn't know any spells.

Dungeon Overview and Level Annotations

Branches:
Dungeon (10/15)            Temple (0/1) D:5            Lair (0/6) D:8
    Orc: D:9-12

Altars:
Cheibriados
Dithmenos
Fedhas
Gozag
Makhleb
Okawaru
Sif Muna
Vehumet
Wu Jian
The Shining One

Shops:
D:7 (   D:8 [   D:9 [

Annotations:
D:2 exclusion: oklob plant
D:10 Snorg


Innate Abilities, Weirdness & Mutations

((You reflexively headbutt those who attack you in melee.))
((You have a pair of horns on your head.))


Message History

You hit the centaur.
You kill the centaur!
You hit Snorg. You block Snorg's attack. Snorg claws you.
* * * LOW HITPOINT WARNING * * *
You block Snorg's attack.
You feel better. You block Snorg's attack. Snorg claws you!
* * * LOW HITPOINT WARNING * * *
You block Snorg's attack. x2; Snorg claws you but does no damage.
Snorg claws you.
* * * LOW HITPOINT WARNING * * *
You feel better. Snorg bites you!!
* * * LOW HITPOINT WARNING * * *
You block Snorg's attack. x2
Aiming: Polymorph
Press: ? - help, Shift-Dir - straight line, f - Snorg
Aim: Snorg (almost dead, berserk, fast, unusually strong, haloed, chance to defeat MR: 15%)
Okay, then.
It was a potion of flight.
Your roots keep you in place.
You block Snorg's attack. Snorg claws you but does no damage. Snorg claws you!
You die...

#......##....#...# #.
#...##.#####.#.### #.
#...##.#####.#.#####.
#...##.......#.......
#...#################
#...##.......#.......
#...##.#####.#.#####.
#...##.# #.#.### #.
##..)♣..# ...#...# #.
#.##.(.T####
#.#####.# ##
#>....(.######. ##.##
#.#.#.#(#...... #<..#
#.........c....
###..[.
###.###(#....#. ....
#.............# .###
#.##....^.##... .# #.
#.....#.. .. .#


You could see Snorg (berserk).

Vanquished Creatures
  A two-headed ogre (D:8)
  Pikel (D:8)
  A troll (D:9)
  2 hippogriffs
  A human (D:8)
  Duvessa (D:4)
  3 orc warriors
  A sky beast (D:5)
  4 slaves (D:8)
  2 ice beasts (D:9)
  2 phantoms
  4 ogres
  5 centaurs
  3 big kobolds (Sewer)
  Blork the orc (D:6)
  2 bullfrogs
  Dowan (D:4)
  3 scorpions
  6 wights
  3 howler monkeys (D:9)
  4 crimson imps
  A bullfrog zombie (D:9)
  A quasit (D:8)
  A centaur skeleton (D:5)
  2 bullfrog skeletons
  3 hounds
  Crazy Yiuf (D:3)
  4 orc priests
  3 jellies
  6 orc wizards
  4 iguanas
  Natasha (thrice) (D:3)
  5 worker ants
  3 hound skeletons
  A howler monkey zombie (D:7)
  2 worker ant zombies (D:6)
  15 adders
  2 river rats
  4 oozes
  6 worms
  2 dart slugs (D:2)
  8 leopard geckos
  29 orcs
  7 bats
  6 giant cockroaches
  6 goblins
  9 hobgoblins
  12 jackals
  20 kobolds
  7 quokkas
  2 ball pythons
  6 frilled lizards
  A quokka skeleton (D:5)
  2 quokka zombies
  12 rats
247 creatures vanquished.

Notes
Turn   | Place    | Note
-------+----------+-------------------------------------------
     0 | D:1      | Kuinu the Minotaur Fighter began the quest for the Orb.
     0 | D:1      | Reached XP level 1. HP: 19/19 MP: 0/0
   122 | D:1      | Reached XP level 2. HP: 22/27 MP: 1/1
   174 | D:1      | Reached skill level 3 in Axes
   678 | D:2      | Reached XP level 3. HP: 23/33 MP: 2/2
   827 | D:2      | Found a radiant altar of Vehumet.
  1007 | D:2      | Found a snail-covered altar of Cheibriados.
  1054 | D:2      | Reached skill level 4 in Axes
  1054 | D:2      | Reached XP level 4. HP: 37/40 MP: 3/3
  1342 | D:2      | Found a blossoming altar of Fedhas.
  1353 | D:2      | Noticed an oklob plant
  1502 | D:3      | Found an ornate altar of the Wu Jian Council.
  1597 | D:3      | Reached XP level 5. HP: 46/47 MP: 4/4
  1633 | D:3      | Noticed Natasha
  1645 | D:3      | Killed Natasha
  1900 | D:3      | Found a glowing golden altar of the Shining One.
  1917 | D:3      | Reached skill level 5 in Axes
  1924 | D:3      | Became a worshipper of the Shining One
  2196 | D:3      | Noticed Natasha
  2208 | D:3      | Killed Natasha
  2208 | D:3      | Reached XP level 6. HP: 21/55 MP: 5/5
  2214 | D:3      | Noticed Natasha
  2219 | D:3      | Killed Natasha
  2323 | D:3      | Found a runed door.
  2331 | D:3      | Noticed Crazy Yiuf
  2339 | D:3      | Killed Crazy Yiuf
  2339 | D:3      | Reached skill level 5 in Fighting
  2339 | D:3      | Reached skill level 5 in Shields
  2525 | D:4      | Reached skill level 5 in Armour
  2570 | D:4      | Reached skill level 6 in Axes
  2572 | D:4      | Reached XP level 7. HP: 60/61 MP: 6/6
  2661 | D:4      | Noticed Duvessa
  2661 | D:4      | Noticed Dowan
  2661 | D:4      | Reached * piety under the Shining One
  2676 | D:4      | Killed Duvessa
  2678 | D:4      | Killed Dowan
  2918 | D:4      | Found a glowing drain.
  2925 | Sewer    | Entered a sewer
  2957 | Sewer    | Reached skill level 7 in Axes
  3419 | Sewer    | Reached XP level 8. HP: 64/70 MP: 7/7
  3873 | D:5      | Entered Level 5 of the Dungeon
  4009 | D:5      | Reached skill level 8 in Axes
  4397 | D:5      | Got a faintly glowing leather armour
  4447 | D:5      | Found a staircase to the Ecumenical Temple.
  4973 | D:6      | Noticed Blork the orc
  4982 | D:6      | Killed Blork the orc
  5031 | D:6      | Found a burning altar of Makhleb.
  5334 | D:6      | Reached skill level 9 in Axes
  5557 | D:6      | Found an opulent altar of Gozag.
  5632 | D:7      | Reached ** piety under the Shining One
  5637 | D:7      | Reached XP level 9. HP: 79/79 MP: 8/8
  5705 | D:7      | Found the -2 hat of the Alchemist {rElec rPois rF+ rC+ rN+ MR+ rMut rCorr}
  5819 | D:7      | Found a shadowy altar of Dithmenos.
  5916 | D:7      | Found an iron altar of Okawaru.
  6540 | D:7      | Found Soninn's Antique Weapon Boutique.
  6547 | D:7      | Bought a glowing war axe for 143 gold pieces
  6654 | D:8      | Reached skill level 10 in Axes
  6851 | D:8      | Noticed Pikel
  6890 | D:8      | Killed Pikel
  6962 | D:8      | Found a deep blue altar of Sif Muna.
  7215 | D:8      | Noticed a two-headed ogre
  7226 | D:8      | Killed a two-headed ogre
  7226 | D:8      | Reached skill level 11 in Axes
  7226 | D:8      | Reached XP level 10. HP: 40/90 MP: 5/9
  7227 | D:8      | Found a staircase to the Lair.
  7552 | D:8      | Found Banish's Antique Armour Shoppe.
  7824 | D:9      | Reached *** piety under the Shining One
  8248 | D:9      | Found Ritaar's Antique Armour Boutique.
  8607 | D:9      | Found a glowing golden altar of the Shining One.
  8691 | D:10     | Entered Level 10 of the Dungeon
  8733 | D:10     | Reached skill level 12 in Axes
  8771 | D:10     | Noticed Snorg
  8794 | D:10     | HP: 5/136 [Snorg (21)]
  8795 | D:10     | Mangled by Snorg

Skill      XL: |  1  2  3  4  5  6  7  8  9 10 |
---------------+-------------------------------+-----
Axes           | 3 4 5 6 7 9 11 12 | 12.0
Fighting       | 4 5 6 7 8 9 |  9.3
Armour         | 4 5 6 7 8 9 |  9.2
Shields        | 4 5 6 7 8 9 |  9.2

Action                   |  1- 3 |  4- 6 |  7- 9 | 10-12 || total
-------------------------+-------+-------+-------+-------++-------
Melee: War axe           |    88 |   171 |   267 |    51 ||   577
       Headbutt          |    11 |    30 |    31 |    18 ||    90
       Battleaxe         |       |       |    61 |       ||    61
       Broad axe         |       |       |       |    51 ||    51
Invok: Divine Shield     |       |       |     1 |     1 ||     2
  Use: Scroll            |       |     4 |     7 |     2 ||    13
       Potion            |       |     7 |     1 |     4 ||    12
  Eat: Chunk             |     1 |     5 |     2 |     1 ||     9
       Ration            |       |       |     4 |     2 ||     6
Armor: Scale mail        |    42 |    78 |    68 |       ||   188
       Chain mail        |       |       |    54 |    35 ||    89
       Skin              |       |       |     7 |    28 ||    35
       Plate armour      |       |       |       |    15 ||    15
Dodge: Dodged            |    28 |    47 |    91 |    22 ||   188
Block: Shield            |    48 |   103 |   114 |    66 ||   331
